 Dungeon Crawl Stone Soup version 0.31-a0-426-g3a05650e59 (webtiles) character file.

Game seed: 5566110347193712380

4116 floatRand the Grappler (level 10, -4/71 HPs)
             Began as a Purple Draconian Shapeshifter on July 30, 2023.
             Was a Follower of Wu Jian.
             Slain by an orc warlord
             ... wielding a +7 broad axe
              (29 damage)
             ... in a bailey.
             The game lasted 00:11:09 (7462 turns).

floatRand the Grappler (DrSh)                       Turns: 7462, Time: 00:11:10

Health: -4/71      AC:  7    Str: 19    XL:     10   Next: 6%
Magic:  10/10      EV: 14    Int:  8    God:    Wu Jian [*.....]
Gold:   552        SH:  5    Dex: 23    Spells: 9/9 levels left

rFire   + .          .
                       - Unarmed
rCold   + . .        (no shield)
rNeg    . . .        (body armour unavailable)
rPois   .            (helmet currently unavailable)
rElec   .            (cloak currently unavailable)
rCorr   +            (gloves currently unavailable)
SInv    .            (boots currently unavailable)
Will    +....        q - amulet of reflection
Stlth   ++           f - ring of resist corrosion
HPRegen 0.31/turn    e - ring of Xaewkat {rF+ rC+ Dex+8}
MPRegen 0.12/turn

%: reflection
@: about to teleport, beast-form, invisible
A: beast (slay +5), breathe power, AC +7, unfitting armour, cold-blooded
a: Breathe Dispelling Energy, Begin Untransformation, Renounce Religion


You were in a bailey.
You worshipped Wu Jian.
Wu Jian was aware of your devotion.
You were a hulking beast.
You visited 2 branches of the dungeon, and saw 8 of its levels.
You also visited: Bailey.

You collected 1277 gold pieces.
You spent 725 gold pieces at shops.

Inventory:

Missiles
 d - 3 atropa-tipped darts
Armour
 l - a +2 pair of gloves
Jewellery
 e - the ring of Xaewkat (right hand) {rF+ rC+ Dex+8}
   (You bought it in a shop on level 5 of the Dungeon)

   [ring of protection from fire]

   Dex:       It affects your dexterity (+8).
   rF:        It protects you from fire.
   rC:        It protects you from cold.
 f - a ring of resist corrosion (left hand)
 j - a +6 ring of dexterity
 o - a ring of ice
 q - an amulet of reflection (around neck)
Talismans
 b - a beast talisman (active)
 p - a maw talisman
Wands
 a - a wand of roots (2)
 u - a wand of flame (12)
 v - a wand of polymorph (11)
Scrolls
 c - a scroll of poison
 i - 2 scrolls of amnesia
 k - a scroll of silence {unknown}
 m - 4 scrolls of fog
 s - 4 scrolls of teleportation
Potions
 g - 2 potions of might
 h - a potion of enlightenment
 n - 2 potions of mutation
 w - a potion of attraction {unknown}


   Skills:
 - Level 1.1 Fighting
 + Level 3.4 Dodging
 * Level 11.6 Unarmed Combat
 * Level 7.9 Shapeshifting


You had 9 spell levels left.
You didn't know any spells.
Your spell library contained the following spells:

 Spells                   Type           Power      Damage    Failure   Level
 Magic Dart               Conj           0%         1d3       41%         1
 Cigotuvi's Dreadful Rot  Necr/Pois/Air  0%         N/A       54%         2
 Searing Ray              Conj           0%         2d4       54%         2
 Dispel Undead            Necr           0%         3d6       99%         4
 Fulminant Prism          Conj/Hex       0%         3d5       99%         4
 Death Channel            Necr           0%         N/A       100%        6
 Chain Lightning          Conj/Air       0%         N/A       100%        9
 Fire Storm               Conj/Fire      0%         5d1       100%        9
 Shatter                  Erth           0%         3d5*      100%        9


Dungeon Overview and Level Annotations

Branches:
Dungeon (7/15)             Temple (1/1) D:7          Bailey (1/1)

Altars:
Ashenzari
Cheibriados
Elyvilon
Fedhas
Hepliaklqana
Kikubaaqudgha
Makhleb
Nemelex Xobeh
Okawaru
Qazlal
Ru
Sif Muna
Trog
Uskayaw
Vehumet
Wu Jian
Xom
Yredelemnul
Zin
The Shining One

Shops:
D:5 =


Innate Abilities, Weirdness & Mutations

You are a hulking beast.
Your limbs bulge with bestial killing power. (Slay +5)
You can breathe bolts of dispelling energy.
Your rich purple scales are hard. (AC +7)
You cannot fit into any form of body armour.
You are cold-blooded and may be slowed by cold attacks.


Message History

The Council accepts your kill. The orc warrior closely misses you.
You punch the orc warrior! You punch the orc warrior.
The orc warrior is heavily wounded.
Unknown command.
You punch the orc warrior!
Your tail-slap misses the orc warrior.
The orc warrior is severely wounded.
The orc warrior hits you but does no damage.
You block the goblin's attack.
Unknown command.
You punch the orc warrior!
You kill the orc warrior!
The Council accepts your kill. The goblin closely misses you.
An orc warlord comes into view. It is wielding a +7 broad axe.
You spin and attack the goblin.
You punch the goblin!
You kill the goblin!
The Council accepts your kill.
Things that are here:
a +0 war axe; a +0 ring mail; an orc corpse A gnoll comes into view.
It is wielding a +0 hand axe.
There is an open door here.
Unknown command.
You lunge at the orc warlord.
You hit the orc warlord. You tail-slap the orc warlord.
The orc warlord is lightly wounded.
The orc warlord barely misses you.
Unknown command.
There is an open door here.
The orc warlord attacks as you move away!
You block the orc warlord's attack.
Items here: ))) [[[.
Okay, then.
You fade into invisibility!
The orc warlord hits you with a +7 broad axe!!
Okay, then.
As you read the scroll of teleportation, it crumbles to dust.
You feel strangely unstable.
The orc warlord hits you with a +7 broad axe!!
You die...

.# ..##8........??#
.# ..#8.........?# .#
.'.....⌠....∩# .#
#8.........!# .#
#8........!!# ###
###........!# #.###
###.###g....# ....###
###.....#o#.###
......###......)h.###
.......#........)..#
.).....#......).)..#
.⌠.....#)....⌠.....#
......)'.).........#
.......#...........#
......###.........##
....### ###.....###
#.### ###.###


You could see an orc warlord (unable to see you) and a gnoll (unable to see
you).

Vanquished Creatures
  An orc knight (Bailey)
  2 steam dragons
  A water moccasin (D:7)
  Duvessa (D:4)
  14 orc warriors
  An ice beast (D:5)
  A sky beast (D:6)
  2 black bears
  An ogre (D:5)
  3 centaurs
  A phantom (D:4)
  2 bullfrogs (D:6)
  2 scorpions
  Dowan (D:4)
  A howler monkey (D:5)
  A crimson imp (D:4)
  5 hounds
  2 jellies
  Ijyb (D:4)
  Natasha (D:4)
  Terence (D:2)
  3 iguanas
  An orc wizard (D:6)
  Robin (D:3)
  6 gnolls (Bailey)
  9 adders
  An ufetubus (D:5)
  3 dart slugs
  25 orcs
  5 ball pythons
  8 endoplasms
  5 giant cockroaches
  30 goblins
  18 hobgoblins
  11 jackals
  3 quokkas
  3 bats
  12 kobolds
  8 rats
197 creatures vanquished.

Notes
Turn   | Place    | Note
-------+----------+-------------------------------------------
     0 | D:1      | floatRand the Draconian Shapeshifter began the quest for
                  | the Orb.
     0 | D:1      | Reached XP level 1. HP: 16/16 MP: 1/1
   101 | D:1      | Reached XP level 2. HP: 20/23 MP: 2/2
   296 | D:1      | Reached XP level 3. HP: 25/28 MP: 3/3
   636 | D:2      | Reached skill level 4 in Unarmed Combat
   952 | D:2      | Noticed Terence
   976 | D:2      | Killed Terence
   977 | D:2      | Reached XP level 4. HP: 9/35 MP: 4/4
  1168 | D:2      | Identified the +9 dagger "Plog" {heavy, +Blink Fly rN+}
  1651 | D:3      | Found a snail-covered altar of Cheibriados.
  1733 | D:3      | Noticed Robin
  2083 | D:3      | Killed Robin
  2084 | D:3      | Reached skill level 5 in Unarmed Combat
  2084 | D:3      | Reached XP level 5. HP: 18/40 MP: 5/5
  2424 | D:4      | Found a burning altar of Makhleb.
  2424 | D:4      | Found a radiant altar of Vehumet.
  2533 | D:4      | Noticed Duvessa
  2542 | D:4      | Killed Duvessa
  2543 | D:4      | Reached XP level 6. HP: 41/47 MP: 6/6
  2565 | D:4      | Noticed Dowan
  2575 | D:4      | Killed Dowan
  2576 | D:4      | Reached skill level 6 in Unarmed Combat
  2757 | D:4      | Noticed Natasha
  2765 | D:4      | Killed Natasha
  2802 | D:4      | Noticed Ijyb
  2819 | D:4      | Killed Ijyb
  3296 | D:4      | Your scales start taking on a rich purple colour.
  3296 | D:4      | Reached XP level 7. HP: 50/52 MP: 7/7
  3429 | D:5      | Entered Level 5 of the Dungeon
  3444 | D:5      | Reached skill level 7 in Unarmed Combat
  3492 | D:5      | Reached skill level 5 in Shapeshifting
  3748 | D:5      | Reached skill level 8 in Unarmed Combat
  3787 | D:5      | Found Ryutat's Jewellery Boutique.
  3963 | D:5      | Reached XP level 8. HP: 53/59 MP: 8/8
  4178 | D:5      | Found a broken altar of Ashenzari.
  4450 | D:5      | Identified a scroll of acquirement
  4450 | D:5      | Acquired 820 gold pieces
  4640 | D:5      | Bought the ring of Xaewkat {rF+ rC+ Dex+8} for 725 gold
                  | pieces
  4928 | D:6      | Reached skill level 9 in Unarmed Combat
  5787 | D:7      | Found a flagged portal.
  5854 | D:7      | Reached skill level 10 in Unarmed Combat
  5890 | D:7      | Reached XP level 9. HP: 52/64 MP: 9/9
  6126 | D:7      | Found a staircase to the Ecumenical Temple.
  6132 | Temple   | Entered the Ecumenical Temple
  6149 | Temple   | Became a worshipper of the Wu Jian Council
  6239 | Bailey   | Entered a bailey
  6452 | Bailey   | Noticed an orc knight
  6484 | Bailey   | Killed an orc knight
  6485 | Bailey   | Reached skill level 11 in Unarmed Combat
  7069 | Bailey   | Reached * piety under Wu Jian
  7373 | Bailey   | Identified the +6 spear "Ycraam" {pain, rC- Dex+3}
  7448 | Bailey   | Reached XP level 10. HP: 71/71 MP: 10/10
  7455 | Bailey   | Noticed an orc warlord
  7462 | Bailey   | Slain by an orc warlord

Illustrated notes

Levels and vault maps discovered:
D:1:      sevenhm_arrival_forest_fort_large_2, layout_rooms
D:2:      layout_basic, uniq_terence
D:3:      layout_rooms, mainiacjoe_overflow_24_doors, uniq_robin
D:4:      layout_basic, grunt_temple_overflow_lords_of_destruction,
          kennysheep_small_square, uniq_natasha, uniq_ijyb, uniq_duvessa
D:5:      layout_cave_pods, mainiacjoe_overflow_catwalk, serial_shops,
          nicolae_shop_pleasant_corner_grove, st_stairs_9,
          corexii_item_surrounded_by_moat
D:6:      layout_loops_corners, chequers_big_river, minmay_fractal_squares_5
D:7:      wad_woods_pond, layout_loops_ring, grunt_dithmenos_smoke,
          minmay_temple_entry_fiery, enter_bailey_5, uniq_prince_ribbit1
Temple:   nicolae_temple_bog_church
Bailey:   bailey_axe_minmay_hex_keep, bailey

Skill      XL: |  1  2  3  4  5  6  7  8  9 |
---------------+----------------------------+-----
Unarmed Combat | 4 5 6 8 10 11 | 11.6
Shapeshifting  | 4 5 6 7 |  7.9
Dodging        | 3 |  3.4
Fighting       | |  1.1

Action                     |  1- 3 |  4- 6 |  7- 9 | 10-12 || total
---------------------------+-------+-------+-------+-------++-------
  Melee: Unarmed           |   116 |   149 |   278 |     9 ||   552
         Tailslap          |    12 |    18 |    45 |     1 ||    76
         Punch             |     3 |     7 |    18 |     1 ||    29
Ability: Breathe Dispellin |       |       |    18 |       ||    18
         Lunge             |       |       |     9 |     1 ||    10
         Whirlwind         |       |       |       |     1 ||     1
  Evoke: Wand              |       |       |     6 |       ||     6
    Use: Potion            |       |     1 |     1 |     1 ||     3
         Scroll            |       |       |    12 |     1 ||    13
   Stab: Sleeping          |       |       |     2 |       ||     2
 Armour: Skin              |    28 |    42 |    63 |     2 ||   135
  Dodge: Dodged            |    78 |    82 |   114 |     3 ||   277
  Block: Other             |       |    32 |    43 |     4 ||    79
         Reflection        |       |       |     3 |       ||     3

Table legend: (Time is in decaauts)
 A = Elapsed time spent in this place.
 B = Non-inter-level travel time spent in this place.
 C = Inter-level travel time spent in this place.
 D = Time resting spent in this place.
 E = Time spent auto-exploring this place.
 F = Levels seen in this place.
 G = Mean time per level.
                   A        B        C        D        E       F      G
               +--------+--------+--------+--------+--------+-----+--------+
         Total |   7398 |   7068 |    330 |   1977 |   3021 |   9 |  822.0 |
       Dungeon |   6159 |   5829 |    330 |   1268 |   2990 |   7 |  879.9 |
        Temple |     39 |     39 |      0 |      0 |      0 |   1 |   39.0 |
        Bailey |   1199 |   1199 |      0 |    709 |     31 |   1 | 1199.0 |
               +--------+--------+--------+--------+--------+-----+--------+

Top non-repeatable levels by time:
     D:5: 1246 daAuts
  Bailey: 1199 daAuts
     D:4: 1112 daAuts
     D:6: 1088 daAuts
     D:2: 1060 daAuts
     D:3: 621 daAuts
     D:1: 612 daAuts
     D:7: 417 daAuts
  Temple: 39 daAuts
